 Dungeon Crawl Stone Soup version 0.27-a0-1502-g47ed6a6988 (webtiles) character file.

Game seed: 436159269251751700

41 Gwenloh the Cudgeller (level 3, 0/27 HPs)
             Began as a Human Warper on July 8, 2021.
             Succumbed to an adder's poison
             ... on level 2 of the Dungeon.
             The game lasted 00:03:39 (1581 turns).

Gwenloh the Cudgeller (Human Warper)                Turns: 1581, Time: 00:03:40

Health: 0/27       AC:  3    Str: 11    XL:     3   Next: 75%
Magic:  1/6        EV: 12    Int: 13    God:
Gold:   64         SH:  5    Dex: 19    Spells: 4/6 levels left

rFire    . . .     SeeInvis .   m - +0 quarterstaff (vorpal)
rCold    . . .     Faith    .   (shield currently unavailable)
rNeg     . . .     Spirit   .   b - +0 leather armour
rPois    .         Reflect  +   (no helmet)
rElec    .         Harm     .   (no cloak)
rCorr    .         Rampage  .   (no gloves)
Will     .....                  (no boots)
Stlth    +.........             k - amulet of reflection
HPRegen  0.09/turn              l - +6 ring of dexterity
MPRegen  0.10/turn              (no ring)

@: lethally poisoned (0 -> -7)
A: no striking features
a: no special abilities


You were on level 2 of the Dungeon.
You visited 1 branch of the dungeon, and saw 2 of its levels.

You collected 64 gold pieces.

Inventory:

Hand Weapons
 i - a +0 whip of draining
 m - a +0 vorpal quarterstaff (weapon)
Missiles
 d - 5 boomerangs of dispersal
 e - 33 stones (quivered)
 f - 20 bolts
Armour
 b - a +0 leather armour (worn)
Jewellery
 k - an amulet of reflection (around neck)
 l - a +6 ring of dexterity (left hand)
Scrolls
 a - a scroll of noise {unknown}
 c - 2 scrolls of blinking
 g - a scroll of teleportation {unknown}
Potions
 h - 2 potions of flight {unknown}
 j - a potion of heal wounds {unknown}
 n - a potion of brilliance {unknown}


   Skills:
 - Level 2.0 Fighting
 * Level 3.3 Maces & Flails
 - Level 1.0 Throwing
 + Level 1.9 Armour
 - Level 2.0 Dodging
 - Level 2.0 Spellcasting
 - Level 3.0 Translocations


You had 4 spell levels left.
You knew the following spells:

 Your Spells              Type           Power      Damage    Failure   Level
a - Blink                 Tloc           N/A        N/A       14%         2

Your spell library contained the following spells:

 Spells                   Type           Power      Damage    Failure   Level
 Gell's Gravitas          Tloc           4%         N/A       28%         3
 Lesser Beckoning         Tloc           4%         N/A       28%         3
 Teleport Other           Tloc           9%         N/A       28%         3
 Manifold Assault         Tloc           9%         N/A       95%         5


Dungeon Overview and Level Annotations

Branches:
Dungeon (2/15)

Altars:


Message History

You are poisoned.
The adder poisons you!
You closely miss the adder.
You feel sick. The adder bites you.
You are more poisoned.
The adder poisons you! The adder bites you.
You barely miss the adder.
You feel sick. The adder misses you. The adder bites you.
You miss the adder.
You feel sick. The adder barely misses you.
You hit the adder but do no damage.
You feel sick. The adder bites you. You block the adder's attack.
You hit the adder but do no damage.
You feel sick. The adder barely misses you.
You closely miss the adder.
You feel sick. The adder bites you but does no damage.
The adder closely misses you.
You miss the adder.
You feel sick.
You are no longer poisoned.
The adder bites you.
* * * LOW HITPOINT WARNING * * *
Casting: Blink (safe; 14% risk of failure)
Confirm with . or Enter, or press ? or * to list all spells.
You blink.
You block the adder's attack.
Casting: Blink (safe; 14% risk of failure)
Confirm with . or Enter, or press ? or * to list all spells.
You blink.
Found a club.
The adder misses you.
Casting: Blink (safe; 14% risk of failure)
Confirm with . or Enter, or press ? or * to list all spells.
You blink.
Casting: Blink (safe; 14% risk of failure)
Confirm with . or Enter, or press ? or * to list all spells.
You don't have enough magic to cast this spell.
You hit the adder.
The adder is heavily wounded.
The adder bites you.
* * * LOW HITPOINT WARNING * * *
You are lethally poisoned!
The adder poisons you!
You miss the adder.
The adder is heavily wounded.
You die...

#..# #..# #..#
#... #..# #..#
#..# # ######.@#
###..
#......S####)....
#.#####(..).....
#.#####.#.#..###
#...........##
#######.#.##....
#(#.ยง#....
#(##.#<...
#.##......


You could see an adder.

Vanquished Creatures
  A bat (D:2)
  2 endoplasms (D:1)
  A giant cockroach (D:1)
  4 goblins (D:1)
  2 hobgoblins (D:1)
  7 jackals (D:1)
  4 kobolds (D:1)
  2 quokkas (D:1)
  7 ball pythons (D:1)
  A frilled lizard (D:2)
  6 rats
37 creatures vanquished.

Notes
Turn   | Place    | Note
-------+----------+-------------------------------------------
     0 | D:1      | Gwenloh the Human Warper began the quest for the Orb.
     0 | D:1      | Reached XP level 1. HP: 16/16 MP: 3/3
   352 | D:1      | Reached XP level 2. HP: 22/22 MP: 5/5
   356 | D:1      | Learned a level 2 spell: Blink
   698 | D:1      | Reached XP level 3. HP: 23/27 MP: 6/6
  1581 | D:2      | Succumbed to an adder's poison

Illustrated notes

Levels and vault maps discovered:
D:1:      ebering_trefoil_twist, layout_loops_ring
D:2:      minmay_spotlight, layout_rooms, hellmonk_ecumenical_altar_blasted,
          basic_altar, serial_bayou_crossing

Skill      XL: |  1  2  3 |
---------------+----------+-----
Maces & Flails | 3 |  3.3
Fighting       | |  2.0
Throwing       | |  1.0
Armour         | |  1.9
Dodging        | |  2.0
Spellcasting   | |  2.0
Translocations | |  3.0

Action                   || total
-------------------------++-------
Melee: Quarterstaff      ||    70
       Mace              ||     4
       Whip              ||    20
Throw: Stone             ||    74
 Cast: Blink             ||     3
Armor: Leather armour    ||    24
Dodge: Dodged            ||    48
Block: Other             ||     3

Table legend: (Time is in decaauts)
 A = Elapsed time spent in this place.
 B = Non-inter-level travel time spent in this place.
 C = Inter-level travel time spent in this place.
 D = Time resting spent in this place.
 E = Time spent auto-exploring this place.
 F = Levels seen in this place.
 G = Mean time per level.
                   A        B        C        D        E       F      G
               +--------+--------+--------+--------+--------+-----+--------+
         Total |   1600 |   1599 |      1 |    108 |   1176 |   2 |  800.0 |
       Dungeon |   1600 |   1599 |      1 |    108 |   1176 |   2 |  800.0 |
               +--------+--------+--------+--------+--------+-----+--------+

Top non-repeatable levels by time:
     D:1: 1453 daAuts
     D:2: 147 daAuts
